Mr T, neutral female gnomish Wizard -------- ------ |<|>...---....| |^|-.`.Nj.....| |^||.``.|@....| |^||...`|..b..| |.|------d----| |.| |......| |.------......| |.........`...| |..-----......| ---- -------- Mr T the Thaumaturge Experience level: 6 Strength: 13 Dexterity: 14 Constitution: 15 Intelligence: 19 Wisdom: 10 Charisma: 12 Health: 0(38) Energy: 31(56) Def: 2 Gold: 175 Moves: 4580 Dungeon seed: 8qG9A4jn6FtXWH-i Game ID: Mr T_1605464300 Your Inventory: Coins $ - 175 gold pieces Weapons q - a +0 elven dagger (weapon in hand) F - a +0 orcish dagger Armor e - an uncursed +0 cloak of magic resistance (being worn) n - an uncursed +0 orcish helm (being worn) r - an uncursed +0 mummy wrapping Comestibles o - 2 uncursed lichen corpses X - an uncursed tripe ration Z - an uncursed sprig of wolfsbane Scrolls g - a blessed scroll of earth h - an uncursed scroll of earth Potions j - an uncursed potion of object detection Rings c - an uncursed ring of warning (on left hand) d - an uncursed ring of regeneration f - a cursed -1 ring of increase accuracy Wands b - a wand of fire (0:4) W - a wand of locking (0:8) Tools k - an uncursed mirror s - an uncursed brass lantern (0:1039) U - an uncursed skeleton key Gems z - an uncursed luckstone Spells and supernatural/magical abilities: Name Level Category Fail Memory a - force bolt 1 attack 0% 78% c - cause fear 3 enchantment 0% 78% k - knock 1 matter 0% 93% p - protection 1 clerical 0% 91% O - create monster 2 clerical 54% 91% W - pray for help -- divine ? -- Your skills at the end: Fighting Skills Weapon Skills dagger [Basic] quarterstaff [Basic] Spellcasting Skills attack spells [Basic] enchantment spells [Basic] Final Attributes: You were piously aligned. You were magic-protected. You were telepathic. You were warned. You had infravision. You were lucky. You had extra luck. Bad luck did not time out for you. Good luck did not time out for you. You are dead. Vanquished creatures: a blue jelly a wood nymph a rock piercer 4 shriekers a kobold mummy a gray ooze an elf zombie a straw golem a little dog 2 floating eyes 2 homunculi 4 hill orcs 2 giant bats a monkey an orc zombie 2 dwarf zombies a wererat 2 iguanas 4 coyotes 2 hobbits 2 large kobolds 2 hobgoblins 2 giant rats 3 cave spiders 3 green molds a gnome 2 gnome zombies a gecko 9 jackals a fox a kobold a goblin a sewer rat 8 grid bugs a bat 4 lichens 2 kobold zombies 7 newts 86 creatures vanquished. Voluntary challenges: You were an atheist. You used a wielded weapon 70 times, starting on turn 24. You read items or engraved 7 times, starting on turn 2583. You never genocided any monsters. You never polymorphed an object. You never changed form. You used no wishes. You never split a pudding. You never wrote Elbereth's name. You never violated your personal moral code. Dungeon overview: The Dungeons of Doom: levels 1 to 7 Level 1 a fountain a long staircase Level 2 some fountains stairs to The Gnomish Mines Level 3 a fountain Level 4 a scroll shop, a fountain Level 5 many fountains Level 6 a fountain stairs to Sokoban Level 7 The Gnomish Mines: levels 3 to 5 Level 3 stairs to The Dungeons of Doom Level 4 Level 5 Sokoban: Level 5 <- You were here stairs to The Dungeons of Doom History has recorded: On T:1 you entered the Dungeons of Doom to retrieve the Amulet of Yendor! On T:269 you reached level 2 of The Dungeons of Doom. On T:333 you advanced to experience level 2. On T:357 you reached level 3 of The Dungeons of Doom. On T:616 you reached level 1 of The Gnomish Mines. On T:622 you reached level 2 of The Gnomish Mines. On T:812 you advanced to experience level 3. On T:977 you reached level 3 of The Gnomish Mines. On T:1246 you advanced to experience level 4. On T:1337 you reached level 4 of The Dungeons of Doom. On T:1877 you reached level 5 of The Dungeons of Doom. On T:2283 you advanced to experience level 5. On T:2615 you reached level 6 of The Dungeons of Doom. On T:2974 you reached level 7 of The Dungeons of Doom. On T:3261 you reached level 4 of Sokoban. On T:4556 you advanced to experience level 6. Score breakdown: Gold: 175 ( 7638 points) Experience: 6 levels (12456 points) Exploration: 7 levels ( 13.21%) (10190 points) Discoveries: 5 items ( 1.73%) ( 3946 points) Valuables value: (no points given unless you survive) Artifact value: 0 ( 0 points) Variety of kills: 38 monsters ( 9.97%) ( 9474 points) Turncount: 4580 turns (-1224 points) Survival: died (score multiplied by 80%) Total score: 33984 Latest messages: With great effort you move the boulder. The floating eye glares at you. You manage to look away just in time; but that disturbs your aim, and you miss. The spell hits the floating eye! You kill the floating eye! Welcome to experience level 6. You see here a floating eye corpse. This floating eye corpse tastes terrible! You finish eating the floating eye corpse. You feel a strange mental acuity. You hit the acid blob! You are splashed by the acid blob's acid! That command is only available in debug mode. You hit the blue jelly. You are suddenly very cold! The spell hits the blue jelly! The blue jelly resists! You hit the blue jelly. You are suddenly very cold! You die... Final status: Goodbye Mr T the Wizard, killed by a blue jelly... You died in Sokoban on dungeon level 5 with 33984 points, and 175 pieces of gold, after 4580 moves. You were level 6 with a maximum of 38 hit points when you died.